Map: Emerald City LE

Players

Massa - Winner!

  • Race: Terran Terran
  • Spawn Location: 11:00

qqq - Winner!

  • Race: Protoss Protoss
  • Spawn Location: 11:00

origamidance

  • Race: Zerg Zerg
  • Spawn Location: 5:00

ReaperW

  • Race: Terran Terran
  • Spawn Location: 5:00

VOD

Have the link to the VOD?

Description

Time

  • Played on: June 20, 2020, 3:51 p.m.
  • Length: 13:41
Show
View Real Time Build Order
Export as new Build Order

Massa Terran - Winner!

Build Orders:  

Get SALT Encoding   

  12  0:15  SCV  
  12  0:19  Supply Depot  
  13  0:28  SCV  
  14  0:43  Barracks  
  14  0:44  SCV  
  15  0:56  SCV  
  16  1:08  SCV  
  17  1:20  SCV  
  18  1:31  Marine  
  18  1:32  SCV  
  20  1:47  Orbital Command  
  20  1:48  Refinery  
  20  1:49  Marine  
  21  2:07  Marine  
  22  2:10  Barracks  
  22  2:25  Marine  
  23  2:51  Supply Depot  
  23  2:52  Supply Depot  
  23  2:55  Barracks  
  23  3:02  Barracks  
  23  3:12  Marine x2  
  23  3:16  Supply Depot  
  23  3:17  Supply Depot  
  25  3:30  Marine x2  
  27  3:44  Marine  
  27  3:48  Marine x2  
  28  3:55  Command Center  
  30  4:02  Marine  
  31  4:06  Marine x2  
  33  4:24  Barracks Tech Lab, Marine x2  
  34  4:27  Factory  
  34  4:28  Barracks Tech Lab  
  35  4:42  Marine x2  
  35  4:45  Engineering Bay  
  37  4:54  Stimpack  
  37  4:56  Concussive Shells  
  37  4:58  Marauder  
  39  5:07  Refinery, SCV  
  39  5:11  SCV  
  41  5:16  Factory Tech Lab  
  41  5:19  SCV, Marauder  
  44  5:26  Barracks Tech Lab  
  44  5:31  SCV  
  45  5:41  Marauder  
  47  5:43  SCV  
  47  5:44  Combat Shield  
  47  5:46  Orbital Command  
  48  5:55  SCV  
  48  5:56  Refinery  
  49  6:02  Marauder, Missile Turret  
  51  6:04  Missile Turret  
  51  6:07  SCV  
  51  6:08  Supply Depot  
  51  6:09  Supply Depot  
  52  6:15  SCV  
  53  6:20  SCV  
  53  6:24  Marauder, Siege Tank  
  59  6:27  SCV  
  59  6:32  SCV  
  61  6:39  SCV  
  62  6:41  Marauder  
  62  6:43  Marauder  
  62  6:44  SCV, Marine  
  70  6:47  Marauder  
  70  6:56  Siege Tank  
  73  7:28  Siege Tank  
  50  8:32  Marauder x2  
  50  8:33  Marauder, Marine  
  57  8:36  Siege Tank  
  48  8:45  Missile Turret x2  
  48  8:51  Marine  
  48  8:52  Missile Turret x3  
  48  8:53  Marauder  
  48  8:54  Marauder x2  
  52  8:59  Command Center  
  52  9:05  Missile Turret  
  52  9:08  Marine  
  53  9:14  Marine  
  53  9:15  Marine x2  
  55  9:26  Marine  
  55  9:27  Missile Turret  
  55  9:28  Missile Turret  
  56  9:32  Marine x2  
  56  9:33  Marine  
  56  9:38  Siege Tank  
  62  9:44  Terran Infantry Armor Level 1, Marine  
  63  9:50  Armory, Marine x3  
  66  10:02  Marine  
  67  10:08  Marauder  
  67  10:09  Marauder x2  
  73  10:20  Marine  
  74  10:29  Marauder  
  74  10:30  Marauder x2  
  80  10:37  Marine  
  80  10:39  Engineering Bay  
  81  10:51  Marauder x2  
  81  10:52  Marauder  
  81  10:55  Marine  
  81  10:56  Thor  
  94  11:12  Marauder  
  94  11:13  Marauder x2, Marine  
  94  11:18  Starport  
  101  11:23  Orbital Command  
  101  11:40  Supply Depot x3  
  101  11:42  Supply Depot  
  101  11:56  Starport  
  101  12:01  Marine x2, Thor  
  101  12:02  SCV x2, Marine x2  
  101  12:04  Supply Depot  
  101  12:05  Supply Depot x2  
  101  12:07  Supply Depot  
  113  12:14  SCV x2  
  115  12:19  Marine x4  
  119  12:26  SCV x2  
  109  12:30  Supply Depot  
  109  12:37  Marine x3  
  109  12:38  SCV x2  
  109  12:40  Marine  
  113  12:44  Thor  
  113  12:50  SCV x2  
  119  12:55  Marauder x2  
  119  12:56  Marauder  
  119  12:58  Marine  
  125  13:10  SCV  
  125  13:11  SCV  
  117  13:15  Marine  
  117  13:16  Marine  
  117  13:17  Marauder x2  
Show
View Real Time Build Order
Export as new Build Order

qqq Protoss - Winner!

Build Orders: 1 Gate Expand 

Get SALT Encoding   

  12  0:03  Probe  
  13  0:15  Probe  
  14  0:25  Pylon  
  14  0:36  Probe  
  15  0:45  Gateway  
  15  0:48  Probe  
  16  0:58  Pylon  
  16  1:01  Probe  
  17  1:19  Gateway  
  17  1:21  Pylon  
  17  1:42  Nexus  
  17  1:48  Probe  
  18  1:55  Cybernetics Core  
  18  2:00  Probe  
  19  2:01  Assimilator  
  19  2:04  Assimilator  
  19  2:12  Probe  
  20  2:24  Probe  
  21  2:34  Zealot  
  21  2:36  Probe  
  24  2:43  Pylon  
  24  2:47  Stalker  
  24  2:48  Probe  
  27  3:00  Probe  
  27  3:01  Stalker  
  30  3:12  Probe  
  31  3:24  Probe  
  31  3:25  Stalker  
  32  3:36  Probe  
  33  3:45  Assimilator  
  33  3:48  Probe  
  33  3:49  Assimilator  
  34  4:00  Probe  
  35  4:12  Probe  
  35  4:14  Stargate  
  35  4:15  Stargate  
  36  4:25  Probe  
  36  4:31  Forge  
  37  4:33  Probe  
  38  4:41  Probe  
  38  4:51  Probe  
  39  4:54  Nexus  
  39  4:58  Phoenix  
  39  4:59  Phoenix  
  44  5:03  Probe  
  45  5:15  Probe  
  45  5:18  Protoss Air Weapons Level 1  
  46  5:23  Phoenix  
  46  5:27  Probe, Phoenix  
  51  5:38  Pylon  
  51  5:39  Probe  
  52  5:48  Phoenix  
  54  5:51  Probe  
  54  5:52  Fleet Beacon  
  55  5:59  Pylon  
  55  6:03  Probe, Pylon  
  56  6:12  Probe  
  56  6:16  Probe  
  58  6:22  Photon Cannon  
  58  6:24  Probe  
  59  6:26  Photon Cannon  
  59  6:28  Probe  
  59  6:32  Phoenix  
  62  6:36  Probe  
  63  6:40  Probe  
  63  6:44  Carrier  
  70  6:48  Probe  
  70  6:52  Probe  
  72  7:00  Probe  
  73  7:06  Carrier  
  79  7:16  Probe x2  
  81  7:28  Probe x2  
  83  7:40  Probe x2  
  83  7:48  Carrier  
  83  7:52  Probe, Anion Pulse-Crystals  
  84  8:10  Tempest  
  89  8:15  Stargate  
  87  8:52  Tempest  
  92  9:06  Carrier  
  91  9:16  Stargate  
  85  9:18  Probe  
  85  9:20  Probe  
  86  9:29  Protoss Air Armor Level 1  
  86  9:30  Probe  
  87  9:32  Probe  
  87  9:35  Carrier  
  94  9:42  Probe  
  94  9:44  Probe  
  96  9:47  Assimilator  
  96  9:50  Assimilator  
  96  9:54  Probe  
  96  9:56  Probe  
  96  9:59  Nexus  
  85  10:06  Probe  
  83  10:08  Probe  
  83  10:09  Nexus  
  83  10:12  Tempest, Phoenix x2  
  89  10:18  Probe  
  89  10:20  Probe, Nexus  
  91  10:29  Nexus  
  91  10:30  Probe  
  91  10:31  Pylon  
  91  10:32  Probe  
  93  10:36  Pylon  
  93  10:37  Phoenix  
  95  10:43  Probe  
  95  10:44  Probe  
  97  10:54  Pylon  
  97  10:55  Probe  
  97  10:57  Probe  
  99  11:07  Probe  
  99  11:08  Pylon  
  99  11:09  Probe  
  99  11:19  Probe  
  99  11:21  Probe  
  99  11:23  Pylon  
  97  11:27  Pylon  
  97  11:30  Pylon  
  97  11:31  Probe  
  92  11:33  Tempest, Probe  
  92  11:34  Phoenix  
  92  11:36  Probe, Pylon  
  92  11:37  Probe  
  92  11:39  Pylon  
  102  11:42  Probe  
  102  11:43  Probe, Pylon  
  102  11:45  Probe  
  105  11:49  Probe  
  106  11:54  Photon Cannon  
  106  11:57  Photon Cannon  
  106  12:00  Shield Battery  
  94  12:12  Tempest  
  94  12:14  Tempest  
Show
View Real Time Build Order
Export as new Build Order

origamidance Zerg 

Build Orders: Pool First 

Get SALT Encoding   

  12  0:02  Drone  
  13  0:11  Drone  
  14  0:25  Overlord  
  14  0:37  Spawning Pool  
  13  0:44  Drone x2  
  15  0:52  Drone  
  16  1:12  Drone x2  
  18  1:35  Hatchery  
  18  1:39  Zergling x6  
  20  1:46  Extractor  
  19  1:54  Drone  
  19  2:00  Hatchery  
  18  2:12  Drone x2  
  20  2:24  Drone  
  21  2:33  Drone  
  22  2:46  Queen  
  22  2:49  Overlord  
  24  3:11  Zergling x6  
  27  3:13  Hatchery, Drone  
  27  3:17  Metabolic Boost  
  27  3:31  Drone x4  
  29  3:45  Roach Warren  
  27  3:53  Drone  
  27  3:55  Overlord  
  26  4:13  Queen  
  26  4:14  Drone  
  26  4:15  Drone x4  
  33  4:23  Extractor  
  32  4:25  Drone x2  
  32  4:26  Drone  
  32  4:27  Extractor  
  34  4:39  Drone x2, Queen  
  38  4:45  Drone  
  38  4:46  Drone x2  
  41  4:57  Overlord  
  41  5:10  Overlord  
  41  5:11  Overlord  
  41  5:24  Lair  
  41  5:26  Drone x5  
  41  5:27  Drone x3  
  49  5:41  Drone x3, Evolution Chamber x2  
  50  5:48  Extractor  
  49  5:53  Drone x3  
  49  5:54  Drone x2  
  54  5:59  Spore Crawler  
  54  6:02  Spore Crawler  
  54  6:03  Spore Crawler  
  51  6:09  Drone x2  
  51  6:10  Drone x5  
  58  6:13  Overlord  
  58  6:27  Zerg Missile Weapons Level 1  
  58  6:28  Zerg Ground Armor Level 1  
  58  6:32  Glial Reconstitution  
  58  6:34  Hydralisk Den  
  58  6:40  Drone x10  
  58  6:43  Extractor  
  58  6:44  Extractor, Overlord  
  65  7:10  Grooved Spines  
  65  7:12  Hydralisk  
  65  7:13  Hydralisk x7  
  81  7:18  Overlord x3  
  80  7:37  Overlord x2  
  80  7:38  Overlord x6  
  66  8:12  Roach x2  
  70  8:13  Roach x7  
  77  8:21  Muscular Augments  
  77  8:22  Hydralisk  
  79  8:31  Hydralisk x2  
  79  8:46  Hydralisk x6  
  89  8:54  Hydralisk  
  83  9:02  Queen  
  81  9:11  Hatchery  
  81  9:13  Hydralisk  
  81  9:14  Hydralisk x4  
  90  9:18  Zerg Ground Armor Level 2, Zerg Missile Weapons Level 2  
  90  9:21  Overlord x2  
  90  9:22  Overlord  
  90  9:47  Drone  
  90  9:48  Drone x7  
  98  10:07  Hydralisk  
  98  10:08  Hydralisk x9  
  112  10:26  Hydralisk  
  112  10:27  Hydralisk x8  
  126  10:53  Hydralisk  
  126  10:56  Overlord x7  
  126  10:57  Overlord  
  128  11:12  Pneumatized Carapace  
  122  11:23  Hydralisk  
  122  11:24  Hydralisk x6  
  132  11:35  Hydralisk x3  
  138  11:40  Hydralisk x2  
  111  12:34  Hydralisk  
  111  12:35  Hydralisk x10  
  119  12:52  Hydralisk x3  
Show
View Real Time Build Order
Export as new Build Order

ReaperW Terran 

Build Orders:  

Get SALT Encoding   

  12  0:01  SCV  
  13  0:14  Supply Depot  
  13  0:21  SCV  
  14  0:34  SCV  
  15  0:47  SCV  
  16  0:54  Barracks  
  16  1:08  SCV  
  17  1:19  Command Center  
  17  1:27  SCV  
  18  1:36  Refinery  
  19  1:40  Refinery, SCV  
  19  1:43  Refinery  
  19  1:51  Refinery  
  19  1:52  SCV  
  20  1:55  Supply Depot  
  20  2:06  SCV  
  21  2:19  SCV  
  22  2:31  SCV  
  22  2:33  Supply Depot  
  23  2:39  Barracks  
  23  2:43  SCV  
  24  2:46  SCV  
  25  2:58  SCV, Supply Depot  
  26  3:01  SCV  
  27  3:10  SCV  
  28  3:13  SCV  
  29  3:21  Supply Depot  
  29  3:22  SCV  
  29  3:25  SCV  
  31  3:30  Factory  
  31  3:34  SCV  
  31  3:37  SCV  
  33  3:44  Supply Depot  
  33  3:46  SCV  
  34  3:49  SCV  
  35  4:11  SCV  
  35  4:15  Command Center  
  36  4:20  Starport  
  36  4:23  SCV  
  37  4:35  SCV  
  38  4:38  Starport  
  38  4:40  SCV  
  39  4:52  SCV x2  
  41  5:00  Starport Tech Lab  
  41  5:03  Fusion Core  
  41  5:04  SCV x2  
  43  5:08  Starport  
  43  5:16  SCV  
  44  5:27  SCV  
  45  5:28  Refinery  
  45  5:29  SCV  
  45  5:32  Starport Tech Lab  
  46  5:37  Refinery  
  46  5:38  Starport  
  46  5:39  SCV  
  46  5:41  SCV  
  48  5:53  SCV, Battlecruiser  
  48  5:56  Starport Tech Lab  
  55  5:59  Supply Depot  
  55  6:05  SCV  
  56  6:12  Battlecruiser  
  56  6:17  SCV  
  56  6:18  SCV  
  64  6:29  SCV  
  64  6:30  SCV  
  66  6:34  Battlecruiser  
  66  6:39  Starport Tech Lab  
  72  6:42  SCV  
  73  6:54  SCV  
  73  6:58  Battlecruiser  
  80  7:05  Weapon Refit  
  80  7:10  Battlecruiser  
  67  8:00  Battlecruiser  
  67  8:01  Battlecruiser  
  67  8:02  Battlecruiser  
  66  8:39  Command Center  
  66  9:27  Battlecruiser  
  66  9:34  Battlecruiser  
  66  9:42  Viking x2  
  64  10:12  Viking x2  
  56  10:27  Refinery  
  56  10:31  Battlecruiser  
  62  10:40  Command Center  
  62  10:52  Refinery  
  62  10:57  Battlecruiser  
  48  11:40  Viking x3  
  54  11:50  Refinery  
  54  11:56  SCV  
  55  12:01  Viking  
  55  12:08  SCV  
  58  12:10  Viking  
  60  12:20  SCV  
  55  12:32  SCV  
  39  12:44  SCV  
  24  13:08  SCV  
  25  13:20  SCV, Command Center  
  26  13:33  Command Center  
Tags
 
Add a new tag
Caveats
  • Supply blocks, unpowered buildings, or Contaminate may cause inaccurate times.
  • Supply counts are checked every 10 seconds.